NWL (28 & UNDER)
BISMARCK BARONS @ LA CROSSE LOGGERS
04/30/2023
 
TOP OF THE 1ST
Bismarck Barons batting - Pitching for La Crosse Loggers : RHP Cisco Vázquez
Pitching: RHP Cisco Vázquez
Batting: SHB Chris Griffith 0-0: Ball
1-0: Ball
2-0: Called Strike
2-1: Ball
3-1: Called Strike
3-2: Foul Ball, location: 2F
3-2: Base on Balls
Batting: RHB Ed Terry 0-0: Ball
Chris Griffith is caught stealing 2nd base
1-0: Foul Ball, location: 2F
1-1: Ball
2-1: Called Strike
2-2: Foul Ball, location: 2F
2-2: Ball
3-2: Foul Ball, location: 2F
3-2: Foul Ball, location: 2F
3-2: SOLO HOME RUN (Line Drive, 7D), Distance : 363 ft
Batting: RHB Dale Findley 0-0: Foul Ball, location: 2F
0-1: Ball
1-1: Ground out 4-3 (Groundball, 4)
Batting: RHB Jorge Espinosa 0-0: Ball
1-0: Ball
2-0: Called Strike
2-1: Ball
3-1: Foul Ball, location: 2F
3-2: Foul Ball, location: 2F
3-2: Base on Balls
Batting: RHB Domingo Ávila 0-0: Ball
1-0: Ball
2-0: Called Strike
2-1: Called Strike
2-2: Ball
3-2: Base on Balls
Jorge Espinosa to second
Batting: RHB Kiyomitsu Shinoda 0-0: Ball
1-0: Called Strike
1-1: Fly out, F6 (Line Drive, 6)
Top of the 1st over - 1 run(s), 1 hit(s), 0 error(s), 2 left on base; Bismarck 1 - La Crosse 0
BOTTOM OF THE 1ST
La Crosse Loggers batting - Pitching for Bismarck Barons : LHP Ron Hamilton
Pitching: LHP Ron Hamilton
Batting: LHB Ricardo Ruíz 0-0: SINGLE (Groundball, 4MD)
Batting: RHB Fraser Stanton 0-0: Called Strike
0-1: Ball
1-1: Ball
2-1: Fielders Choice at 2nd, 6-4 (Groundball, 56)
Batting: LHB José Santos 0-0: Called Strike
0-1: Ball
1-1: SINGLE (Flyball, 7S)
Fraser Stanton to second
Batting: RHB Paul Bailey 0-0: Ball
1-0: Called Strike
1-1: Foul Ball, location: 2F
1-2: SINGLE (Line Drive, 4MD)
Fraser Stanton to third
José Santos to second
Batting: LHB Enrique Tirado 0-0: Called Strike
0-1: Foul Ball, location: 2F
0-2: Ball
1-2: Ball
2-2: Foul Ball, location: 2F
2-2: Strikes out swinging
Batting: RHB Jimmy Smith 0-0: Ball
1-0: Called Strike
1-1: Foul Ball, location: 2F
1-2: GRAND SLAM HOME RUN (Flyball, 7D), Distance : 351 ft
Batting: RHB Sergio Sánchez 0-0: Ball
1-0: Swinging Strike
1-1: Swinging Strike
1-2: Fly out, F8 (Popup, 8LS)
Bottom of the 1st over - 4 run(s), 4 hit(s), 0 error(s), 0 left on base; Bismarck 1 - La Crosse 4
TOP OF THE 2ND
Bismarck Barons batting - Pitching for La Crosse Loggers : RHP Cisco Vázquez
Batting: RHB Steve Brown 0-0: Ball
1-0: Foul Ball, location: 2F
1-1: Called Strike
1-2: Ball
2-2: Ball
3-2: Fly out, F8 (Flyball, 8LXD)
Batting: SHB Dave Lee 0-0: Called Strike
0-1: Foul Ball, location: 2F
0-2: Ball
1-2: Ball
2-2: Fly out, F3 (Popup, 3SF)
Batting: LHB Jorge Martínez 0-0: Called Strike
0-1: Ball
1-1: Fly out, F9 (Flyball, 9M)
Top of the 2nd over - 0 run(s), 0 hit(s), 0 error(s), 0 left on base; Bismarck 1 - La Crosse 4
BOTTOM OF THE 2ND
La Crosse Loggers batting - Pitching for Bismarck Barons : LHP Ron Hamilton
Batting: LHB Oliver Beltrán 0-0: Foul Ball, location: 2F
0-1: SINGLE (Groundball, 3D)
Batting: RHB Vicente Vélez 0-0: Ball
1-0: Ball
2-0: Ball
3-0: Fly out, F9 (Flyball, 89S)
Batting: LHB Ricardo Ruíz 0-0: Foul Ball, location: 2F
0-1: Called Strike
0-2: Ball
1-2: Ball
2-2: Ball
3-2: Foul Ball, location: 2F
3-2: Base on Balls
Oliver Beltrán to second
Batting: RHB Fraser Stanton 0-0: Ball
1-0: Ball
2-0: Called Strike
2-1: Fly out, F9 (Flyball, 9S)
Batting: LHB José Santos 0-0: Called Strike
0-1: Ball
1-1: Ball
2-1: Foul Ball, location: 2F
2-2: Ball
3-2: Base on Balls
Oliver Beltrán to third
Ricardo Ruíz to second
Batting: RHB Paul Bailey 0-0: Ball
1-0: Called Strike
1-1: Ball
2-1: Foul Ball, location: 2F
2-2: Fly out, F8 (Flyball, 89M)
Bottom of the 2nd over - 0 run(s), 1 hit(s), 0 error(s), 3 left on base; Bismarck 1 - La Crosse 4
TOP OF THE 3RD
Bismarck Barons batting - Pitching for La Crosse Loggers : RHP Cisco Vázquez
Batting: SHB Chris Griffith 0-0: Ground out U3 (Groundball, 3)
Batting: RHB Ed Terry 0-0: Ball
1-0: Ball
2-0: Ball
3-0: Called Strike
3-1: Fly out, F7 (Flyball, 78M)
Batting: RHB Dale Findley 0-0: Called Strike
0-1: Fly out, F7 (Line Drive, 78M)
Top of the 3rd over - 0 run(s), 0 hit(s), 0 error(s), 0 left on base; Bismarck 1 - La Crosse 4
BOTTOM OF THE 3RD
La Crosse Loggers batting - Pitching for Bismarck Barons : LHP Ron Hamilton
Batting: LHB Enrique Tirado 0-0: Ball
1-0: Called Strike
1-1: Foul Ball, location: 2F
1-2: Ball
2-2: Strikes out swinging
Batting: RHB Jimmy Smith 0-0: DOUBLE (Groundball, 3L)
Batting: RHB Sergio Sánchez 0-0: Swinging Strike
0-1: Foul Ball, location: 2F
0-2: Strikes out swinging
Batting: LHB Oliver Beltrán 0-0: Ball
1-0: Ball
2-0: DOUBLE (Line Drive, 3D)
Jimmy Smith scores
Batting: RHB Vicente Vélez 0-0: Called Strike
0-1: Called Strike
0-2: Ball
1-2: Fly out, F5 (Line Drive, 5)
Bottom of the 3rd over - 1 run(s), 2 hit(s), 0 error(s), 1 left on base; Bismarck 1 - La Crosse 5
TOP OF THE 4TH
Bismarck Barons batting - Pitching for La Crosse Loggers : RHP Cisco Vázquez
Batting: RHB Jorge Espinosa 0-0: Ball
1-0: Ball
2-0: Ball
3-0: Base on Balls
Batting: RHB Domingo Ávila 0-0: Called Strike
Jorge Espinosa steals 2nd base
0-1: Fly out, F8 (Flyball, 8LD)
Runner from 2nd tags up, SAFE at 3rd, no throw
Batting: RHB Kiyomitsu Shinoda 0-0: Ball
1-0: Called Strike
1-1: Ball
2-1: Ball
3-1: Base on Balls
Batting: RHB Steve Brown 0-0: Ball
1-0: Called Strike
1-1: Foul Ball, location: 2F
1-2: Foul Ball, location: 2F
1-2: DOUBLE (Line Drive, 7LS)
Jorge Espinosa scores
Kiyomitsu Shinoda to third
Batting: SHB Dave Lee 0-0: Ball
1-0: Called Strike
1-1: Ball
2-1: Fly out, F9 (Flyball, 89M)
Runner from 3rd tags up, SCORES, throw made
Batting: LHB Jorge Martínez 0-0: Fly out, F7 (Flyball, 7S)
Top of the 4th over - 2 run(s), 1 hit(s), 0 error(s), 1 left on base; Bismarck 3 - La Crosse 5
BOTTOM OF THE 4TH
La Crosse Loggers batting - Pitching for Bismarck Barons : LHP Ron Hamilton
Batting: LHB Ricardo Ruíz 0-0: Foul Ball, location: 2F
0-1: Called Strike
0-2: Ball
1-2: Ball
2-2: Ground out 3-1 (Groundball, 34)
Batting: RHB Fraser Stanton 0-0: Ball
1-0: Ball
2-0: Ball
3-0: Called Strike
3-1: SINGLE (Groundball, 4M)
Pitching: LHP Tim Miller
Batting: LHB José Santos 0-0: Ball
1-0: Fly out, F5 (Line Drive, 56)
Batting: RHB Paul Bailey 0-0: Called Strike
0-1: Ball
1-1: Ball
2-1: Foul Ball, location: 2F
2-2: Foul Ball, location: 2F
2-2: Ground out 3-1 (Groundball, 34S)
Bottom of the 4th over - 0 run(s), 1 hit(s), 0 error(s), 1 left on base; Bismarck 3 - La Crosse 5
TOP OF THE 5TH
Bismarck Barons batting - Pitching for La Crosse Loggers : RHP Cisco Vázquez
Batting: SHB Chris Griffith 0-0: Fly out, F6 (Popup, 6MD)
Batting: RHB Ed Terry 0-0: SINGLE (Groundball, 6)
Batting: RHB Dale Findley 0-0: Ball
1-0: Called Strike
1-1: Ball
2-1: SINGLE (Flyball, 9S)
Ed Terry to second
Batting: RHB Jorge Espinosa 0-0: Ball
1-0: Ball
2-0: Called Strike
2-1: Ground out 4-3 (Groundball, 4M)
Ed Terry to third
Dale Findley to second
Batting: RHB Domingo Ávila 0-0: Ground out 5-3 (Groundball, 5S)
Top of the 5th over - 0 run(s), 2 hit(s), 0 error(s), 2 left on base; Bismarck 3 - La Crosse 5
BOTTOM OF THE 5TH
La Crosse Loggers batting - Pitching for Bismarck Barons : LHP Tim Miller
Batting: LHB Enrique Tirado 0-0: Called Strike
0-1: Foul Ball, location: 2F
0-2: Hit by Pitch
Batting: RHB Jimmy Smith 0-0: Ball
1-0: Fly out, F9 (Flyball, 9LM)
Batting: RHB Sergio Sánchez 0-0: Ball
Enrique Tirado is caught stealing 2nd base
1-0: Ball
2-0: Ball
3-0: Base on Balls
Batting: LHB Oliver Beltrán 0-0: Ground out 4-3 (Groundball, 4S)
Bottom of the 5th over - 0 run(s), 0 hit(s), 0 error(s), 1 left on base; Bismarck 3 - La Crosse 5
TOP OF THE 6TH
Bismarck Barons batting - Pitching for La Crosse Loggers : RHP Cisco Vázquez
Batting: RHB Kiyomitsu Shinoda 0-0: Ball
1-0: Fly out, F6 (Popup, 56D)
Batting: RHB Steve Brown 0-0: Ball
1-0: SINGLE (Line Drive, 56D)
Batting: SHB Dave Lee 0-0: Ball
1-0: Called Strike
1-1: Fly out, F4 (Line Drive, 4)
Pitching: LHP Nathan Ortíz
Batting: LHB Jorge Martínez 0-0: Fly out, F6 (Popup, 56)
Top of the 6th over - 0 run(s), 1 hit(s), 0 error(s), 1 left on base; Bismarck 3 - La Crosse 5
BOTTOM OF THE 6TH
La Crosse Loggers batting - Pitching for Bismarck Barons : LHP Tim Miller
Batting: RHB Vicente Vélez 0-0: Ball
1-0: Ball
2-0: Foul Ball, location: 2F
2-1: Swinging Strike
2-2: Strikes out swinging
Batting: LHB Ricardo Ruíz 0-0: Ball
1-0: Ground out U3 (Groundball, 3)
Batting: RHB Fraser Stanton 0-0: Swinging Strike
0-1: Fly out, F7 (Popup, 78S)
Bottom of the 6th over - 0 run(s), 0 hit(s), 0 error(s), 0 left on base; Bismarck 3 - La Crosse 5
TOP OF THE 7TH
Bismarck Barons batting - Pitching for La Crosse Loggers : LHP Nathan Ortíz
Batting: SHB Chris Griffith 0-0: Called Strike
0-1: Ball
1-1: Foul Ball, location: 2F
1-2: Ball
2-2: Fly out, F9 (Flyball, 89XD)
Batting: RHB Ed Terry 0-0: Called Strike
0-1: Fly out, F6 (Popup, 5D)
Batting: RHB Dale Findley 0-0: Called Strike
0-1: Foul Ball, location: 2F
0-2: Strikes out swinging
Top of the 7th over - 0 run(s), 0 hit(s), 0 error(s), 0 left on base; Bismarck 3 - La Crosse 5
BOTTOM OF THE 7TH
La Crosse Loggers batting - Pitching for Bismarck Barons : LHP Tim Miller
Batting: LHB José Santos 0-0: Ball
1-0: Fly out, F7 (Flyball, 7S)
Pitching: RHP Pedro Lara
Batting: RHB Paul Bailey 0-0: Foul Ball, location: 2F
0-1: Foul Ball, location: 2F
0-2: Ground out 5-3 (Groundball, 56)
Batting: LHB Enrique Tirado 0-0: Ball
1-0: Foul Ball, location: 2F
1-1: Ground out 3-1 (Groundball, 34)
Bottom of the 7th over - 0 run(s), 0 hit(s), 0 error(s), 0 left on base; Bismarck 3 - La Crosse 5
TOP OF THE 8TH
Bismarck Barons batting - Pitching for La Crosse Loggers : LHP Nathan Ortíz
Batting: RHB Jorge Espinosa 0-0: Called Strike
0-1: Ball
1-1: Foul Ball, location: 2F
1-2: Ball
2-2: DOUBLE (Flyball, 7LD)
Pitching: RHP Mike Brown
Batting: RHB Domingo Ávila 0-0: Swinging Strike
0-1: Ball
1-1: Ball
2-1: Foul Ball, location: 2F
2-2: Ball
3-2: Ground out 4-3 (Groundball, 4M)
Jorge Espinosa to third
Batting: RHB Kiyomitsu Shinoda 0-0: Ball
1-0: Swinging Strike
1-1: Foul Ball, location: 2F
1-2: DOUBLE (Flyball, 78D)
Jorge Espinosa scores
Batting: RHB Steve Brown 0-0: Ball
1-0: Ball
2-0: Swinging Strike
2-1: Ball
3-1: Called Strike
3-2: Foul Ball, location: 2F
3-2: Base on Balls
Pinch Hitting: LHB Matt Smith 0-0: Ball
1-0: DOUBLE (Flyball, 78XD)
Kiyomitsu Shinoda scores
Steve Brown to third
Runner from 3rd tries for Home, SAFE, no throw or cutoff
Batting: LHB Jorge Martínez 0-0: Ball
1-0: Ball
2-0: SINGLE (Line Drive, 6M)
Matt Smith to third
Pinch Hitting: RHB Ron James 0-0: Ball
1-0: Ball
2-0: Ball
3-0: Called Strike
3-1: Foul Ball, location: 2F
3-2: Foul Ball, location: 2F
3-2: Strikes out swinging
Batting: RHB Ed Terry 0-0: Swinging Strike
0-1: DOUBLE (Groundball, 5L)
Matt Smith scores
Jorge Martínez to third
Runner from 3rd tries for Home, SAFE, no throw or cutoff
Pitching: RHP David Washington
Batting: RHB Dale Findley 0-0: Fly out, F6 (Popup, 6MD)
Top of the 8th over - 5 run(s), 5 hit(s), 0 error(s), 1 left on base; Bismarck 8 - La Crosse 5
BOTTOM OF THE 8TH
La Crosse Loggers batting - Pitching for Bismarck Barons : RHP Pedro Lara
Now at 2B: Matt Smith
Now in CF: Lorenzo Núńes
Batting: RHB Jimmy Smith 0-0: Foul Ball, location: 2F
0-1: Swinging Strike
0-2: Ball
1-2: Ball
2-2: Foul Ball, location: 2F
2-2: Ball
3-2: Base on Balls
Pitching: RHP Artie Byrne
Batting: RHB Sergio Sánchez 0-0: Fly out, F8 (Flyball, 8RM)
Batting: LHB Oliver Beltrán 0-0: Ball
1-0: Ball
2-0: Foul Ball, location: 2F
2-1: Ball
3-1: Base on Balls
Jimmy Smith to second
Batting: RHB Vicente Vélez 0-0: Called Strike
0-1: Foul Ball, location: 2F
0-2: Strikes out swinging
Batting: LHB Ricardo Ruíz 0-0: Ball
1-0: Foul Ball, location: 2F
1-1: Called Strike
1-2: Fly out, F8 (Line Drive, 8LM)
Bottom of the 8th over - 0 run(s), 0 hit(s), 0 error(s), 2 left on base; Bismarck 8 - La Crosse 5
TOP OF THE 9TH
Bismarck Barons batting - Pitching for La Crosse Loggers : RHP David Washington
Batting: RHB Jorge Espinosa 0-0: Called Strike
0-1: Ball
1-1: SINGLE (Line Drive, 8RS)
Batting: RHB Domingo Ávila 0-0: Called Strike
Jorge Espinosa steals 2nd base
0-1: Ball
1-1: Ball
2-1: Ground out 5-3 (Groundball, 56)
Batting: RHB Kiyomitsu Shinoda 0-0: Ball
1-0: Ball
2-0: Foul Ball, location: 2F
2-1: Ball
3-1: Base on Balls
Batting: RHB Steve Brown 0-0: Ball
Wild Pitch!
Jorge Espinosa to third
Kiyomitsu Shinoda to second
1-0: Called Strike
1-1: Ground out 5-3 (Groundball, 5)
Batting: LHB Matt Smith 0-0: Ball
1-0: Foul Ball, location: 2F
1-1: Fly out, F8 (Popup, 8LS)
Top of the 9th over - 0 run(s), 1 hit(s), 0 error(s), 2 left on base; Bismarck 8 - La Crosse 5
BOTTOM OF THE 9TH
La Crosse Loggers batting - Pitching for Bismarck Barons : RHP Artie Byrne
Pitching: LHP Edgardo Conteraras
Batting: RHB Fraser Stanton 0-0: Called Strike
0-1: Foul Ball, location: 2F
0-2: Ball
1-2: Strikes out swinging
Batting: LHB José Santos 0-0: Called Strike
0-1: Called Strike
0-2: Ball
1-2: Strikes out swinging
Batting: RHB Paul Bailey 0-0: Called Strike
0-1: Ball
1-1: SINGLE (Line Drive, 89S)
Batting: LHB Enrique Tirado 0-0: Ball
1-0: Foul Ball, location: 2F
1-1: Swinging Strike
1-2: Strikes out swinging
Bottom of the 9th over - 0 run(s), 1 hit(s), 0 error(s), 1 left on base; Bismarck 8 - La Crosse 5
This league is powered by Out of the Park Baseball, the baseball management simulation game for PC, Mac and Linux
Wednesday, December 2nd, 2015 - OOTP Baseball 16.8 Build 38